 Dungeon Crawl Stone Soup version 0.29.1-1-gd02db6906a (webtiles) character file.

Game seed: 16777913299865922923

314 H0rd4k the Insei (level 6, -2/39 HPs)
             Began as an Octopode Transmuter on Oct 18, 2022.
             Succumbed to a goblin's poison
             ... on level 4 of the Dungeon.
             The game lasted 00:02:53 (4367 turns).

H0rd4k the Insei (Octopode Transmuter)              Turns: 4367, Time: 00:02:53

Health: -2/39      AC:  1    Str:  9    XL:     6   Next: 43%
Magic:  9/9        EV: 14    Int: 17    God:
Gold:   75         SH:  0    Dex: 13    Spells: 8/9 levels left

rFire   . . .      SeeInvis .     - Unarmed
rCold   . . .      Faith    .   (no shield)
rNeg    . . .      Spirit   .   (helmet restricted)
rPois   .          Reflect  .   (no amulet)
rElec   .          Harm     .   (no ring)
rCorr   .          Rampage  .   (no ring)
Will    .....                   (no ring)
Stlth   ++........              (no ring)
HPRegen 0.13/turn               (no ring)
MPRegen 0.11/turn               (no ring)
                                (no ring)
                                (no ring)

@: mighty, lethally poisoned (-2 -> -12)
A: almost no armour, amphibious, 8 rings, camouflage 1, gelatinous body 1,
(nimble swimmer 1), tentacles
a: no special abilities


You were on level 4 of the Dungeon.
You visited 1 branch of the dungeon, and saw 4 of its levels.

You collected 75 gold pieces.

Inventory:

Jewellery
 l - an amulet of magic regeneration
Scrolls
 b - a scroll of butterflies {unknown}
 c - 2 scrolls of noise {unknown}
 d - a scroll of amnesia {unknown}
 e - a scroll of poison {unknown}
 g - a scroll of vulnerability {unknown}
 i - a scroll of fear {unknown}
 j - 4 scrolls of identify {unknown}
 k - a scroll of enchant armour {unknown}
 m - a scroll of blinking {unknown}
Potions
 a - 2 potions of lignification
 o - a potion of mutation {unknown}


   Skills:
 + Level 1.8 Fighting
 + Level 0.4 Throwing
 + Level 3.5 Dodging
 + Level 5.6 Unarmed Combat
 + Level 2.3 Spellcasting
 + Level 2.3 Transmutations


You had 8 spell levels left.
You knew the following spells:

 Your Spells              Type           Power      Damage    Failure   Level
a - Beastly Appendage     Tmut           18%        N/A       8%          1

Your spell library contained the following spells:

 Spells                   Type           Power      Damage    Failure   Level
 Wereblood                Tmut           9%         N/A       11%         2
 Foxfire                  Conj/Fire      8%         2x1d4     19%         1
 Spider Form              Tmut/Pois      5%         N/A       34%         3
 Conjure Flame            Conj/Fire      2%         6-21      50%         3
 Inner Flame              Hex/Fire       2%         N/A       50%         3
 Ice Form                 Ice/Tmut       5%         N/A       75%         4
 Flame Wave               Conj/Fire      2%         2d4       88%         4
 Leda's Liquefaction      Hex/Erth       1%         N/A       88%         4
 Lee's Rapid Deconstruct  Erth           1%         3d5*      99%         5
 Statue Form              Tmut/Erth      3%         N/A       100%        6


Dungeon Overview and Level Annotations

Branches:
Dungeon (4/15)
 Temple: D:4-7

Altars:

Annotations:
D:2 exclusion: downstairs
D:3 Ijyb


Innate Abilities, Weirdness & Mutations

You cannot wear most types of armour.
You are amphibious.
You can wear up to eight rings at the same time.
Your skin changes colour to match your surroundings (Stealth+).
Your rubbery body absorbs attacks. (AC +1, EV +1)
((You are camouflaged when in or above water. (Stealth+)))
You have tentacles for arms and can constrict up to eight enemies at once.


Message History

Throw: 3 darts (poison)
Press: ? - help, Q - select action, (/) - cycle Shift-Dir - straight line, f/p - Sigmund
Aim: Sigmund, wielding a +0 scythe and wearing a +0 robe (lightly wounded, poisoned, 52% to hit)
You throw a poisoned dart.
The poisoned dart completely misses Sigmund.
Throw: 2 darts (poison)
Press: ? - help, Q - select action, (/) - cycle Shift-Dir - straight line, f/p - Sigmund
Aim: Sigmund, wielding a +0 scythe and wearing a +0 robe (moderately wounded, poisoned, 52% to hit)
You throw a poisoned dart.
The poisoned dart closely misses Sigmund.
Sigmund gestures at you while chanting. The puff of flame hits you!
* * * LOW HITPOINT WARNING * * *
Throw: dart (poison)
Press: ? - help, Q - select action, (/) - cycle Shift-Dir - straight line, f/p - Sigmund
Aim: Sigmund, wielding a +0 scythe and wearing a +0 robe (moderately wounded, poisoned, 52% to hit)
You throw a poisoned dart. The poisoned dart hits Sigmund.
Sigmund looks even sicker.
Sigmund is moderately wounded.
It was a potion of curing.
You feel better. Sigmund gestures at you while chanting.
The puff of flame hits you!
* * * LOW HITPOINT WARNING * * *
It was a potion of might.
You feel very mighty all of a sudden. Sigmund barely misses you.
You closely miss Sigmund. You grab Sigmund.
Sigmund is moderately wounded.
You constrict Sigmund. Sigmund barely misses you.
You tentacle-slap Sigmund. You squeeze Sigmund!
You kill Sigmund!
Your Unarmed Combat skill increases to level 5!
You have reached level 6!
You closely miss the goblin. Your grab misses the goblin.
Your squeeze misses the goblin.
The goblin hits you with a +2 dagger of venom.
* * * LOW HITPOINT WARNING * * *
You are lethally poisoned!
You barely miss the goblin. Your grab misses the goblin.
You die...

...... #[...#
#....# #....#
#....# #....#
#..g.# ##.###
.####....####..##.#
...............#..#
..$........@...#.##
#''########.#
#(..(g@.....#
#############


You could see a goblin.

Vanquished Creatures
  Sigmund (D:4)
  A hound (D:4)
  Jessica (D:2)
  3 adders
  4 dart slugs
  2 ball pythons
  6 endoplasms
  2 giant cockroaches (D:1)
  8 goblins
  6 hobgoblins
  10 jackals
  3 quokkas
  6 bats
  A frilled lizard (D:1)
  7 kobolds
  9 rats
70 creatures vanquished.

Notes
Turn   | Place    | Note
-------+----------+-------------------------------------------
     0 | D:1      | H0rd4k the Octopode Transmuter began the quest for the Orb.
     0 | D:1      | Reached XP level 1. HP: 13/13 MP: 3/3
   323 | D:1      | Reached XP level 2. HP: 18/18 MP: 5/5
   756 | D:1      | Reached XP level 3. HP: 11/23 MP: 6/6
  1868 | D:1      | Found a faded altar of an unknown god.
  2162 | D:2      | Reached skill level 4 in Unarmed Combat
  2162 | D:2      | Reached XP level 4. HP: 22/28 MP: 7/7
  2298 | D:2      | Noticed Jessica
  2303 | D:2      | Killed Jessica
  3327 | D:3      | Noticed Ijyb
  3598 | D:3      | Reached XP level 5. HP: 25/33 MP: 8/8
  4313 | D:4      | Identified the +1 scale mail "Soamm" {Rampage}
  4347 | D:4      | Noticed Sigmund
  4365 | D:4      | Killed Sigmund
  4366 | D:4      | Reached skill level 5 in Unarmed Combat
  4366 | D:4      | Reached XP level 6. HP: 3/39 MP: 9/9
  4366 | D:4      | HP: 1/39 [goblin/+2 dagger of venom (2)]
  4367 | D:4      | Succumbed to a goblin's poison

Illustrated notes

Levels and vault maps discovered:
D:1:      minmay_arrival_up_and_down, layout_loops_corners,
          hellmonk_ecumenical_altar_run_dry
D:2:      layout_basic, serial_bayou_pond_b, uniq_jessica
D:3:      kennysheep_the_goblin_king, layout_basic, uniq_ijyb
D:4:      layout_cave_pods, nicolae_overflow_crystal_walls, minivault_23,
          grunt_ministairs_8, kennysheep_dice, uniq_crazy_yiuf_cottage,
          uniq_sigmund

Skill      XL: |  1  2  3  4  5 |
---------------+----------------+-----
Unarmed Combat | 4 5 |  5.6
Dodging        | 3 |  3.5
Fighting       | |  1.8
Throwing       | |  0.4
Spellcasting   | |  2.3
Transmutations | |  2.3

Action                   |  1- 3 |  4- 6 || total
-------------------------+-------+-------++-------
Melee: Unarmed           |   114 |    77 ||   191
       Constrict         |    26 |    21 ||    47
       Tentacles         |    18 |    10 ||    28
       Punch             |     2 |     4 ||     6
       Kick              |       |     3 ||     3
Throw: Dart              |       |     6 ||     6
 Cast: Beastly Appendage |       |     1 ||     1
  Use: Potion            |       |     2 ||     2
 Stab: Sleeping          |     9 |     2 ||    11
Armor: Skin              |     8 |     4 ||    12
Dodge: Dodged            |    76 |    47 ||   123
